[Event "XIII Figueira da Foz Open 2019"]
[Site "Figueira da Foz"]
[Date "2019.10.27"]
[Round "1.2"]
[White "Tadevosyan, Aspet"]
[Black "Maiorov, Nikita"]
[Result "0-1"]
[ECO "E32"]
[WhiteElo "1998"]
[BlackElo "2517"]
[Annotator "RC"]
[PlyCount "70"]
[EventDate "2019.10.27"]
[EventType "swiss"]
[EventCountry "POR"]
[SourceTitle "playchess.com"]
[Source "ChessBase"]
[SourceQuality "1"]
[TimeControl "40/5400+30:1800+30"]

1. d4 Nf6 2. c4 e6 3. Nc3 Bb4 4. Qc2 O-O 5. a3 Bxc3+ 6. Qxc3 b6 7. Bg5 c5 8. dxc5 bxc5 9. Nf3 d6 10. e3 a5 11. Bd3 Nbd7 12. O-O Bb7 13. Rfd1 Ra6 14. Nd2 Qa8 15. f3 Rb8 16. Nf1 Rb6 17. Be2 Ne8 18. Bf4 a4 19. Rd2 e5 20. Bg3 Bc6 21. Bd1 Qb7 22. Rb1 Ndf6 23. Bh4 Qe7 24. Bc2 Qe6 25. Ng3 h6 26. Nf5 e4 27. Bxf6 Qxf5 28. Bh4 Qh5 29. Bg3 exf3 30. e4 fxg2 31. Rxg2 f6 32. Rf1 Rxb2 33. Rf5 Qg4 34. Bf4 Qxg2+ 35. Kxg2 Bxe4+ 0-1

[Event "XIII Figueira da Foz Open 2019"]
[Site "Figueira da Foz"]
[Date "2019.10.27"]
[Round "1.3"]
[White "Spraggett, Kevin"]
[Black "Adams, Philip"]
[Result "1-0"]
[ECO "A61"]
[WhiteElo "2513"]
[BlackElo "1993"]
[Annotator "RC"]
[PlyCount "51"]
[EventDate "2019.10.27"]
[EventType "swiss"]
[EventCountry "POR"]
[SourceTitle "playchess.com"]
[Source "ChessBase"]
[SourceQuality "1"]
[TimeControl "40/5400+30:1800+30"]

1. d4 Nf6 2. c4 e6 3. Nf3 c5 4. d5 d6 5. Nc3 exd5 6. cxd5 g6 7. Nd2 Bg7 8. e4 O-O 9. Be2 Ne8 10. O-O f5 11. exf5 Bxf5 12. Nde4 Na6 13. Bg5 Qb6 14. Qd2 Rf7 15. Ng3 Bd7 16. h4 Nac7 17. h5 Nb5 18. hxg6 hxg6 19. Bd3 Nxc3 20. bxc3 Bf5 21. Bxf5 gxf5 22. Qc2 f4 23. Nf5 Qc7 24. Rae1 f3 25. Ne7+ Kh8 26. Qg6 {[%emt 0:01:11] Kg8} 1-0

[Event "XIII Figueira da Foz Open 2019"]
[Site "Figueira da Foz"]
[Date "2019.10.27"]
[Round "1.4"]
[White "Heeren, Arnoldo"]
[Black "Jakubowski, Krzysztof"]
[Result "0-1"]
[ECO "A06"]
[WhiteElo "1929"]
[BlackElo "2494"]
[Annotator "RC"]
[PlyCount "50"]
[EventDate "2019.10.27"]
[EventType "swiss"]
[EventCountry "POR"]
[SourceTitle "playchess.com"]
[Source "ChessBase"]
[SourceQuality "1"]
[TimeControl "40/5400+30:1800+30"]

1. Nf3 d5 2. g3 c6 3. Bg2 Bg4 4. O-O Nd7 5. d4 e6 6. Nc3 f5 7. Qd3 Qf6 8. Bf4 Bxf3 9. Bxf3 g5 10. Bd2 h5 11. e3 h4 12. Kg2 Ne7 13. Rh1 e5 14. dxe5 Nxe5 15. Qd4 Bg7 16. Be2 Qf7 17. Qb4 O-O-O 18. f4 Nc4 19. Bxc4 dxc4 20. Rad1 hxg3 21. hxg3 Rxh1 22. Kxh1 Nd5 23. Nxd5 Qh5+ 24. Kg2 Qe2+ 25. Kg1 Qxd1+ 0-1

[Event "XIII Figueira da Foz Open 2019"]
[Site "Figueira da Foz"]
[Date "2019.10.27"]
[Round "1.5"]
[White "Stella, Andrea"]
[Black "Puglia, Francesco"]
[Result "1-0"]
[ECO "D73"]
[WhiteElo "2484"]
[BlackElo "1916"]
[Annotator "RC"]
[PlyCount "47"]
[EventDate "2019.10.27"]
[EventType "swiss"]
[EventCountry "POR"]
[SourceTitle "playchess.com"]
[Source "ChessBase"]
[SourceQuality "1"]
[TimeControl "40/5400+30:1800+30"]

1. d4 Nf6 2. c4 g6 3. g3 Bg7 4. Bg2 d5 5. Nf3 dxc4 6. Na3 c3 7. bxc3 c5 8. O-O O-O 9. Re1 Nc6 10. Bb2 Ne4 11. Qc2 f5 12. Rad1 Qc7 13. d5 Ne5 14. Nxe5 Qxe5 15. Ba1 Qf6 16. c4 Qf7 17. Bxg7 Kxg7 18. Nb5 e5 19. Qb2 Qf6 20. d6 Be6 21. Nc7 Rad8 22. f4 Bxc4 23. fxe5 Qf7 24. e6+ 1-0

[Event "XIII Figueira da Foz Open 2019"]
[Site "Figueira da Foz"]
[Date "2019.10.27"]
[Round "1.6"]
[White "Silva, Mariana Sofia T."]
[Black "Galego, Luis"]
[Result "0-1"]
[ECO "A05"]
[WhiteElo "1880"]
[BlackElo "2483"]
[Annotator "RC"]
[PlyCount "22"]
[EventDate "2019.10.27"]
[EventType "swiss"]
[EventCountry "POR"]
[SourceTitle "playchess.com"]
[Source "ChessBase"]
[SourceQuality "1"]
[TimeControl "40/5400+30:1800+30"]

1. Nf3 Nf6 2. g3 d5 3. Bg2 c6 4. b3 g6 5. Bb2 Bg7 6. O-O O-O 7. c4 Bg4 8. h3 Bxf3 9. Bxf3 Re8 10. d4 Nbd7 11. cxd5 Nxd5 0-1

[Event "XIII Figueira da Foz Open 2019"]
[Site "Figueira da Foz"]
[Date "2019.10.27"]
[Round "1.7"]
[White "Klekowski, Maciej"]
[Black "Babo, Miguel"]
[Result "1-0"]
[ECO "A13"]
[WhiteElo "2481"]
[BlackElo "1827"]
[Annotator "RC"]
[PlyCount "51"]
[EventDate "2019.10.27"]
[EventType "swiss"]
[EventCountry "POR"]
[SourceTitle "playchess.com"]
[Source "ChessBase"]
[SourceQuality "1"]
[TimeControl "40/5400+30:1800+30"]

1. c4 e6 2. Nf3 Nf6 3. g3 b6 4. Bg2 Bb7 5. O-O Be7 6. Nc3 O-O 7. Re1 d6 8. e4 Nbd7 9. d4 a6 10. e5 Ne8 11. Qc2 Rb8 12. Bf4 Bxf3 13. Bxf3 Bg5 14. Bxg5 Qxg5 15. Bc6 Rd8 16. Rad1 Nb8 17. Bg2 c6 18. a4 dxe5 19. dxe5 Nc7 20. f4 Qe7 21. Ne4 Qb4 22. Ng5 g6 23. Ne4 Kg7 24. b3 Rd7 25. Nf6 Rd4 26. Rxd4 1-0

[Event "XIII Figueira da Foz Open 2019"]
[Site "Figueira da Foz"]
[Date "2019.10.27"]
[Round "1.10"]
[White "Gama, Joao Goncalo Cerejei"]
[Black "Barski, Radoslaw"]
[Result "0-1"]
[ECO "B51"]
[WhiteElo "1712"]
[BlackElo "2437"]
[Annotator "RC"]
[PlyCount "106"]
[EventDate "2019.10.27"]
[EventType "swiss"]
[EventCountry "POR"]
[SourceTitle "playchess.com"]
[Source "ChessBase"]
[SourceQuality "1"]
[TimeControl "40/5400+30:1800+30"]

1. e4 c5 2. Nf3 d6 3. Bb5+ Nc6 4. O-O Bd7 5. Re1 a6 6. Bf1 Nf6 7. c3 Bg4 8. h3 Bxf3 9. Qxf3 g6 10. Qd1 Bg7 11. d4 cxd4 12. cxd4 d5 13. e5 Nd7 14. Nc3 e6 15. Be3 O-O 16. a4 f6 17. exf6 Qxf6 18. Ne2 Nb6 19. b3 Nc8 20. Rc1 Nd6 21. g4 Ne4 22. f4 g5 23. Bg2 gxf4 24. Nxf4 Nxd4 25. Nh5 Nf3+ 26. Bxf3 Qxf3 27. Qxf3 Rxf3 28. Nxg7 Kxg7 29. Bd4+ Kg6 30. Re3 Raf8 31. Rxf3 Rxf3 32. Rc7 Rxh3 33. Rg7+ Kh6 34. Rxb7 Kg5 35. Rg7+ Kf4 36. Rf7+ Kxg4 37. Rg7+ Ng5 38. b4 Rb3 39. Bc5 e5 40. Be7 h6 41. Rg6 Kg3 42. Bxg5 hxg5 43. Rxg5+ Kf4 44. Rh5 d4 45. Rh6 Rxb4 46. Rxa6 Ke3 47. Re6 e4 48. a5 d3 49. Rd6 d2 50. a6 Rd4 51. Rxd4 Kxd4 52. a7 d1=Q+ 53. Kh2 Kd5 0-1

[Event "XIII Figueira da Foz Open 2019"]
[Site "Figueira da Foz"]
[Date "2019.10.27"]
[Round "1.14"]
[White "Dias, Jose Oliveira Gaspar"]
[Black "Gavasheli, Ana"]
[Result "0-1"]
[ECO "D00"]
[WhiteElo "1562"]
[BlackElo "2240"]
[Annotator "ChessBase"]
[PlyCount "104"]
[EventDate "2019.10.27"]
[EventType "swiss"]
[EventCountry "POR"]
[SourceTitle "playchess.com"]
[Source "ChessBase"]
[SourceQuality "1"]
[TimeControl "40/5400+30:1800+30"]

1. d4 d5 2. Bf4 Nf6 3. e3 g6 4. Be2 Bg7 5. c3 O-O 6. h3 c5 7. Nf3 Nc6 8. O-O Nd7 9. Nbd2 e5 10. dxe5 Ndxe5 11. Nb3 b6 12. Qd2 Nc4 13. Qc1 Qe7 14. Rd1 Rd8 15. Nbd2 b5 16. Nf1 b4 17. Bxc4 dxc4 18. Rxd8+ Nxd8 19. cxb4 cxb4 20. Qxc4 Bxb2 21. Rb1 Bc3 22. Rd1 Be6 23. Qe4 Rc8 24. Ng3 Nb7 25. Ng5 Nc5 26. Qb1 Rd8 27. Nxe6 Nxe6 28. Rxd8+ Qxd8 29. Bh6 Qh4 30. Bf4 Nxf4 31. exf4 Qxf4 32. Ne2 Qe5 33. Qc2 a5 34. Qd3 Bb2 35. Kf1 Qc5 36. Qb3 Bf6 37. Qa4 Kg7 38. Qb3 Qe5 39. g3 Qe6 40. Qa4 Qxh3+ 41. Kg1 Qf5 42. Qb3 Qe4 43. Nf4 Bd4 44. Qd1 h5 45. Ne2 Bf6 46. Kf1 Qh1+ 47. Ng1 Qc6 48. Qb3 Qb5+ 49. Kg2 a4 50. Qb1 Qd5+ 51. Kf1 b3 52. axb3 Qxb3 0-1

[Event "XIII Figueira da Foz Open 2019"]
[Site "Figueira da Foz"]
[Date "2019.10.28"]
[Round "2.12"]
[White "Guerreiro, Nuno"]
[Black "Rato, Eduardo"]
[Result "1-0"]
[ECO "B10"]
[WhiteElo "2069"]
[BlackElo "1693"]
[Annotator "NA RC"]
[PlyCount "69"]
[EventDate "2019.10.27"]
[EventType "swiss"]
[EventCountry "POR"]
[SourceTitle "playchess.com"]
[Source "ChessBase"]
[SourceQuality "1"]
[TimeControl "40/5400+30:1800+30"]

1. e4 c6 2. d3 d5 3. Nd2 Nf6 4. Ngf3 dxe4 (4... Bg4 5. h3 Bh5 6. c3 e6 7. Be2 dxe4 8. dxe4 Bxf3 9. Bxf3 Nbd7 10. O-O Qc7 11. Nc4 Bc5 12. b4 Be7 13. g3 {0-1 (41) Tsydypov,Z (2529)-Popov,I (2599) Sochi 2017}) 5. dxe4 g6 6. a4 {[%emt 0:03:00] B10: Caro-Kann: 2 d3 and 2 c4} Bg7 7. Bc4 O-O 8. O-O Qc7 9. Qe2 Nbd7 10. e5 $146 ({Predecessor:} 10. a5 Nc5 11. Ra3 Bg4 12. h3 Be6 {½-½ (61) Wiseman,M-Cadman,C Chicago 1995}) 10... Nd5 11. e6 Ne5 12. exf7+ Kh8 13. Nxe5 Qxe5 14. Qxe5 Bxe5 15. Re1 Bf6 16. Ne4 Bf5 17. c3 Kg7 18. Nc5 b6 19. Ne6+ Bxe6 20. Rxe6 Rac8 21. g4 g5 22. a5 b5 23. Bxd5 cxd5 24. Be3 Rc7 25. Ra6 e5 26. Bxa7 Rfxf7 27. Bb6 Rc8 28. Ra7 d4 29. cxd4 exd4 30. Rd1 Rc4 (30... Rxa7 {was necessary.} 31. Bxa7 Kf7) 31. Rxf7+ Kxf7 32. b3 Rb4 $2 (32... Rc6 33. Kg2 b4) 33. Rd3 Rc4 34. bxc4 bxc4 35. Rxd4 1-0

[Event "XIII Figueira da Foz Open 2019"]
[Site "Figueira da Foz"]
[Date "2019.10.28"]
[Round "2.13"]
[White "Barros Gutierrez, Angel Luis"]
[Black "Tadevosyan, Aspet"]
[Result "0-1"]
[ECO "B50"]
[WhiteElo "2038"]
[BlackElo "1998"]
[Annotator "NA RC"]
[PlyCount "72"]
[EventDate "2019.10.27"]
[EventType "swiss"]
[EventCountry "POR"]
[SourceTitle "playchess.com"]
[Source "ChessBase"]
[SourceQuality "1"]
[TimeControl "40/5400+30:1800+30"]

1. e4 c5 2. Nf3 d6 3. c3 Nf6 4. h4 Nc6 5. d3 g6 6. g3 Bg7 7. Bg2 O-O 8. O-O c4 9. dxc4 Nxe4 10. Nd4 f5 11. Be3 e5 12. Nb5 a6 13. Bxe4 axb5 14. Bd5+ Kh8 15. f4 bxc4 16. Na3 exf4 17. Rxf4 g5 18. Rxc4 Ne5 19. Rb4 f4 20. Bb6 Qf6 21. gxf4 gxf4 22. Qh5 f3 23. Rf1 Bf5 $19 (23... Bh6 24. Kh1 Bh3) 24. Be3 Ra5 25. Nb5 Bg6 26. Qg5 Bd3 27. Qxf6 Rxf6 28. a4 Rg6+ 29. Kf2 Rg2+ 30. Ke1 Re2+ 31. Kd1 Rxe3 32. Rf2 Be2+ 33. Kc2 Bxb5 34. Rxb5 Rxb5 35. axb5 Bh6 36. Kd1 Rd3+ 0-1

[Event "XIII Figueira da Foz Open 2019"]
[Site "Figueira da Foz"]
[Date "2019.10.28"]
[Round "2.14"]
[White "Adams, Philip"]
[Black "Dias, Jose Oliveira Gaspar"]
[Result "1-0"]
[ECO "B01"]
[WhiteElo "1993"]
[BlackElo "1562"]
[Annotator "NA RC"]
[PlyCount "89"]
[EventDate "2019.10.27"]
[EventType "swiss"]
[EventCountry "POR"]
[SourceTitle "playchess.com"]
[Source "ChessBase"]
[SourceQuality "1"]
[TimeControl "40/5400+30:1800+30"]

1. e4 d5 2. exd5 Qxd5 3. Nc3 Qd6 4. d4 Nf6 5. Nf3 g6 (5... Bg4 6. h3 Bh5 7. g4 Bg6 8. Ne5 Nbd7 9. Bf4 Nxe5 10. Bxe5 Qb6 11. Qf3 O-O-O 12. O-O-O e6 13. Bd3 Bb4 14. Bxg6 hxg6 {½-½ (55) Caruana,F (2828)-Moranda,W (2593) chess.com INT 2019}) 6. Nb5 {[%emt 0:01:21] B01: Scandinavian Defence} Qb6 7. c4 c6 8. Nc3 Bg7 9. Be2 O-O 10. h3 a5 $146 ({Predecessor:} 10... Rd8 11. O-O Bf5 12. Re1 e5 13. c5 {1-0 (46) Alekseev,E (2691)-Gupta,A (2662) New Delhi 2012}) 11. O-O Na6 12. a3 Bf5 13. Nh4 Be6 14. Be3 Qc7 15. Rc1 Rfd8 16. Qc2 Ne8 17. Rfd1 Bf6 18. Nf3 Rac8 19. Qa4 Bd7 20. Qb3 Qb8 21. Bf1 Nd6 22. Bf4 Qa7 23. Bxd6 exd6 24. Ne4 Be7 25. Qe3 Re8 26. Qh6 f6 {[%emt 0:00:50] [#]} 27. Qf4 (27. c5 $1 $18 {[%mdl 512] and White stays clearly on top.} d5 (27... dxc5 28. Bc4+) 28. Nh4) 27... Bf5 (27... Kg7 $16) 28. Nxd6 Qb8 29. c5 Rcd8 $2 (29... Bxd6 30. cxd6 Kg7) 30. Bc4+ Kh8 31. Nf7+ {[%emt 0:00:33] Double Attack} Kg8 32. Nxd8+ {[%emt 0:00:58] Discovered Attack} Kg7 33. Qxb8 Nxb8 34. Nxb7 a4 35. Re1 $18 Kf8 36. Re2 Bc8 37. Nd6 Rd8 38. Nxc8 Rxc8 39. Rce1 Rc7 40. h4 Rd7 41. g4 Rb7 42. Kg2 h6 43. h5 gxh5 44. Nh4 hxg4 45. Rxe7 1-0

[Event "XIII Figueira da Foz Open 2019"]
[Site "Figueira da Foz"]
[Date "2019.10.28"]
[Round "2.15"]
[White "Junior, Aguinaldo Vera Cruz"]
[Black "Heeren, Arnoldo"]
[Result "0-1"]
[ECO "B43"]
[WhiteElo "1558"]
[BlackElo "1929"]
[Annotator "NA RC"]
[PlyCount "86"]
[EventDate "2019.10.27"]
[EventType "swiss"]
[EventCountry "POR"]
[SourceTitle "playchess.com"]
[Source "ChessBase"]
[SourceQuality "1"]
[TimeControl "40/5400+30:1800+30"]

1. e4 c5 2. Nc3 e6 3. Nf3 a6 4. d4 cxd4 5. Nxd4 d6 6. Be3 Nf6 7. Nf3 {B80: Sicilian Scheveningen: 6 g3 and 6 Be3, including English Attack} (7. f3 h5 8. Be2 Qc7 9. O-O b5 10. Qd2 Nbd7 11. b4 d5 12. exd5 Bxb4 13. Ncxb5 axb5 14. Qxb4 Nxd5 15. Qd2 Nxe3 16. Qxe3 {½-½ (39) Vidit,S (2707)-Grandelius,N (2651) Malmo 2018}) 7... Nc6 8. e5 $146 ({Predecessor:} 8. Be2 Be7 9. O-O b5 10. a3 O-O 11. Bd3 Bb7 12. Qd2 h6 13. Bxh6 Ng4 14. Be3 d5 15. exd5 Nxe3 16. fxe3 exd5 {1-0 (22) Montilla Bejarano,C (1176)-Mengot Pardo,F (1581) Benidorm 2017}) 8... dxe5 9. Qxd8+ Kxd8 10. Bg5 Be7 11. Bd3 Nd5 12. Bxe7+ Kxe7 13. Be4 Nxc3 14. Bxc6 bxc6 15. bxc3 f6 16. O-O Rd8 17. Rab1 Rd6 18. h3 a5 19. Rfe1 Ba6 20. Re4 Rad8 21. Rb2 Bb5 22. c4 Ba6 $19 23. Rb6 c5 24. Rxd6 Rxd6 25. a3 Rd1+ 26. Re1 Rxe1+ 27. Nxe1 Bxc4 28. f3 Kd6 29. Kf2 Kd5 30. Ke3 f5 31. c3 f4+ 32. Kf2 e4 33. g3 fxg3+ 34. Kxg3 exf3 35. Kxf3 Bb3 36. Ke3 Kc4 37. Kd2 Ba4 38. Nf3 Kb3 39. Ne5 Bb5 40. Nf3 Kxa3 41. Kc2 Ba4+ 42. Kd2 Kb2 43. Ne1 Bb5 0-1

[Event "XIII Figueira da Foz Open 2019"]
[Site "Figueira da Foz"]
[Date "2019.10.28"]
[Round "2.16"]
[White "Puglia, Francesco"]
[Black "Dong, Rafael"]
[Result "1-0"]
[ECO "B12"]
[WhiteElo "1916"]
[BlackElo "1486"]
[Annotator "NA RC"]
[PlyCount "61"]
[EventDate "2019.10.27"]
[EventType "swiss"]
[EventCountry "POR"]
[SourceTitle "playchess.com"]
[Source "ChessBase"]
[SourceQuality "1"]
[TimeControl "40/5400+30:1800+30"]

1. e4 c6 2. d4 d5 3. e5 Bf5 4. h4 h5 5. Bg5 Qb6 6. Bd3 {[%emt 0:00:08] B12: Caro-Kann: Advance Variation} Bxd3 7. Qxd3 Qxb2 8. e6 fxe6 9. Nf3 Qxa1 10. Qb3 b5 $146 ({Predecessor:} 10... Nd7 11. O-O O-O-O 12. Bd2 e5 {0-1 (34) Lopez Rivera,J (2337)-Granda Zuniga,J (2688) La Roda 2016}) 11. O-O a5 12. Nc3 a4 13. Qa3 Qxf1+ 14. Kxf1 Nd7 15. Ne5 $2 (15. Ne2 $18 {is the precise move to win.}) 15... Nxe5 16. dxe5 g6 17. Qc5 Kd7 18. Be3 Bg7 19. Nxd5 exd5 20. e6+ Kc7 21. Qb6+ Kd6 22. Bc5+ Kxe6 23. Qxc6+ Ke5 24. f4+ Kxf4 25. Qe6 Be5 26. Qxd5 Bg7 27. Kf2 {[%emt 0:18:41] Decoy} Rf8 28. g3+ Kg4+ 29. Kg2 Bh6 30. Qe6+ Rf5 31. Qe2+ 1-0

[Event "XIII Figueira da Foz Open 2019"]
[Site "Figueira da Foz"]
[Date "2019.10.28"]
[Round "2.18"]
[White "Babo, Miguel"]
[Black "Dong, Fabio"]
[Result "1/2-1/2"]
[ECO "D04"]
[WhiteElo "1827"]
[BlackElo "1410"]
[Annotator "NA RC"]
[PlyCount "72"]
[EventDate "2019.10.27"]
[EventType "swiss"]
[EventCountry "POR"]
[SourceTitle "playchess.com"]
[Source "ChessBase"]
[SourceQuality "1"]
[TimeControl "40/5400+30:1800+30"]

1. d4 d5 2. Nf3 Nf6 3. e3 c6 4. Bd3 Bg4 5. b3 e6 6. O-O {[%emt 0:01:21] D04: Colle System} (6. Bb2 Bb4+ 7. c3 Bd6 8. Nbd2 Nbd7 9. c4 Qe7 10. h3 Bh5 11. O-O e5 12. e4 dxe4 13. Nxe4 Nxe4 14. Bxe4 {½-½ (49) Shengelia,D (2551)-Bartel,M (2653) Porto Carras 2011}) 6... Nbd7 7. Bb2 Be7 8. Nbd2 O-O 9. Qe1 Qc7 $146 ({Predecessor:} 9... Bf5 10. Ne5 Bxd3 11. cxd3 Qa5 12. Qe2 Nxe5 13. dxe5 {1-0 (42) Ortega Serra,M (2356)-Fernandez Aguilar,F (2153) Santa Eulalia de Roncana 2015}) 10. Ne5 Nxe5 11. dxe5 Nd7 12. f3 Bh5 13. f4 Nc5 14. f5 (14. h3 $11) 14... Nxd3 15. cxd3 exf5 16. d4 Bg6 17. Qe2 Rfe8 18. Rac1 a5 19. a3 b5 (19... f6 $17 20. Qf2 Qb6) 20. Qxb5 cxb5 21. Rxc7 b4 22. a4 ({White should try} 22. axb4 $11 Bg5 23. Re1) 22... Bg5 23. Re1 {[%emt 0:03:32] [#]} (23. Kf2 $1 $15) 23... Rec8 $1 24. Rc5 {[%emt 0:00:21] [#]} Rxc5 (24... f4 $1 $17 25. Nf3 Be7 26. Rxc8+ Rxc8 27. exf4 Rc2) 25. dxc5 Rc8 26. Bd4 f4 27. Nf3 Bh6 28. exf4 Bxf4 29. g3 Bh6 30. Re2 Bd3 31. Rf2 Be4 ({Better is} 31... g6 $17 32. g4 Bf8) 32. h4 g6 33. Nh2 (33. Ng5 $11 {keeps the balance.}) 33... Bf8 34. Ng4 Bxc5 $19 35. Nf6+ Kg7 36. Ne8+ Rxe8 1/2-1/2

[Event "XIII Figueira da Foz Open 2019"]
[Site "Figueira da Foz"]
[Date "2019.10.29"]
[Round "3.16"]
[White "Tadevosyan, Aspet"]
[Black "Marcal, Armando Paulo Gomes"]
[Result "1-0"]
[ECO "B10"]
[WhiteElo "1998"]
[BlackElo "1706"]
[Annotator "NA RC"]
[PlyCount "53"]
[EventDate "2019.10.27"]
[EventType "swiss"]
[EventCountry "POR"]
[SourceTitle "playchess.com"]
[Source "ChessBase"]
[SourceQuality "1"]
[TimeControl "40/5400+30:1800+30"]

1. e4 c6 2. Nc3 d5 3. Nf3 dxe4 4. Nxe4 Nf6 5. Qe2 Nxe4 6. Qxe4 Qd5 7. Qf4 Qf5 8. Qe3 e6 9. Bd3 Qf6 10. Rb1 Bd6 11. b3 Bf4 12. Qe4 Bh6 13. Bb2 Qe7 $16 14. g4 Nd7 15. g5 Bxg5 16. Nxg5 Qxg5 17. h4 Qh6 18. Qg4 e5 19. Qe4 O-O 20. Qe3 Qf4 21. Ke2 Re8 22. Rbg1 Nf6 23. Qxf4 exf4+ 24. Kf3 h5 25. Bxf6 Bg4+ 26. Kxf4 gxf6 27. f3 1-0

[Event "XIII Figueira da Foz Open 2019"]
[Site "Figueira da Foz"]
[Date "2019.10.29"]
[Round "3.17"]
[White "Dong, Fabio"]
[Black "Gama, Joao Goncalo Cerejei"]
[Result "1/2-1/2"]
[ECO "A39"]
[WhiteElo "1410"]
[BlackElo "1712"]
[Annotator "NA RC"]
[PlyCount "124"]
[EventDate "2019.10.27"]
[EventType "swiss"]
[EventCountry "POR"]
[SourceTitle "playchess.com"]
[Source "ChessBase"]
[SourceQuality "1"]
[TimeControl "40/5400+30:1800+30"]

1. c4 c5 2. Nc3 Nc6 3. g3 g6 4. Bg2 Bg7 5. Nf3 Nf6 6. O-O O-O 7. d4 cxd4 8. Nxd4 a6 9. h3 Qc7 10. Be3 d6 11. Nd5 Nxd5 12. cxd5 Nxd4 13. Bxd4 b5 14. Bxg7 Kxg7 15. Qd4+ f6 16. Rac1 Qa5 17. a3 Bd7 18. Rc3 Rac8 19. Rfc1 Rxc3 20. Qxc3 Qxc3 21. Rxc3 Rc8 22. Rxc8 Bxc8 23. h4 a5 24. e4 b4 25. axb4 axb4 26. Kf1 Ba6+ 27. Ke1 g5 28. hxg5 fxg5 29. f3 h5 30. Kd2 Kf6 31. Bh3 Ke5 32. Ke3 g4 33. fxg4 Bc8 34. Bg2 Bxg4 35. Bh1 Bd1 36. Bg2 Bg4 37. Bh1 e6 38. dxe6 Bxe6 39. Bf3 Bg4 40. Bg2 b3 41. Bf1 Bd1 42. Bg2 Bg4 43. Bf1 Be6 44. Bg2 d5 45. exd5 Bxd5 46. Bxd5 Kxd5 47. Kd3 Ke5 48. Ke3 Kf5 49. Kf3 Kg5 50. Kf2 Kg4 51. Kg2 Kg5 52. Kh3 Kf5 53. Kh4 Ke4 54. Kxh5 Kd3 55. g4 Kc2 56. g5 Kxb2 57. g6 Kc3 58. g7 b2 59. g8=Q b1=Q 60. Qc8+ Kd2 61. Qd7+ Qd3 62. Qxd3+ Kxd3 1/2-1/2

[Event "XIII Figueira da Foz Open 2019"]
[Site "Figueira da Foz"]
[Date "2019.10.29"]
[Round "3.18"]
[White "Rato, Eduardo"]
[Black "Babo, Miguel"]
[Result "0-1"]
[ECO "A04"]
[WhiteElo "1693"]
[BlackElo "1827"]
[Annotator "NA RC"]
[PlyCount "68"]
[EventDate "2019.10.27"]
[EventType "swiss"]
[EventCountry "POR"]
[SourceTitle "playchess.com"]
[Source "ChessBase"]
[SourceQuality "1"]
[TimeControl "40/5400+30:1800+30"]

1. Nf3 Nc6 2. d4 e6 3. e4 b6 4. Bd3 Bb7 5. O-O Nb4 6. c4 Nxd3 7. Qxd3 d6 8. Nc3 Be7 9. Be3 a6 10. a4 Nf6 11. h3 O-O 12. Nd2 Nd7 13. f4 f5 14. d5 $11 exd5 15. exd5 Qe8 16. Rae1 Qf7 17. Nb3 Nc5 18. Bxc5 dxc5 19. Re6 Bd6 20. Nd2 Rad8 21. g3 Bxf4 22. Rxf4 Qxe6 23. Nf3 Qf6 24. Nd1 g5 25. Ne3 gxf4 26. gxf4 Rf7 27. Ng5 Qg6 28. Kh2 Rf6 29. Nf3 Qh6 30. Ng5 Qh4 31. Ng2 Qf2 32. Qd1 Rh6 33. Qd3 Bc8 34. Qc3 Re8 0-1

[Event "XIII Figueira da Foz Open 2019"]
[Site "Figueira da Foz"]
[Date "2019.10.29"]
[Round "3.19"]
[White "Goncalves, Lucas Jordao"]
[Black "Barros Gutierrez, Angel Luis"]
[Result "1-0"]
[ECO "B27"]
[WhiteElo "1447"]
[BlackElo "2038"]
[Annotator "NA RC"]
[PlyCount "104"]
[EventDate "2019.10.27"]
[EventType "swiss"]
[EventCountry "POR"]
[SourceTitle "playchess.com"]
[Source "ChessBase"]
[SourceQuality "1"]
[TimeControl "40/5400+30:1800+30"]

1. e4 c5 2. Nf3 g6 3. d4 e6 4. Nc3 a6 5. Be3 d5 6. exd5 exd5 7. dxc5 Nf6 8. Qd2 Nc6 9. O-O-O Be6 10. Nd4 Qa5 11. Nb3 Qc7 12. Be2 Bg7 13. Bf3 Rd8 14. Bf4 Qc8 15. Na4 Ne4 16. Qe3 Nb4 17. a3 Qc6 18. axb4 Qxa4 19. Bxe4 Qa2 20. Bf3 Qxb2+ 21. Kd2 d4 22. Qd3 O-O 23. Rb1 Qa3 24. Kd1 Qxb4 25. Bd2 Qa4 26. Bxb7 Bc4 27. Qf3 d3 28. Be4 Qa2 29. Rc1 Rfe8 30. c6 dxc2+ 31. Bxc2 Be2+ 32. Qxe2 Rxe2 33. Kxe2 Qa4 34. Nc5 Qxc6 35. Be4 Qb5+ 36. Bd3 Re8+ 37. Be3 Qb4 38. Nxa6 Qg4+ 39. Kf1 Rd8 40. h3 Qa4 41. Nc5 Qa3 42. Ke2 Bf8 43. Rhd1 Rc8 44. Ne4 Qb2+ 45. Kf3 Rxc1 46. Rxc1 f5 47. Ng5 Qb7+ 48. Ke2 Qe7 49. f4 $18 h5 50. Ne6 Qb7 51. Kf2 Bd6 52. Rc2 h4 1-0

[Event "XIII Figueira da Foz Open 2019"]
[Site "Figueira da Foz"]
[Date "2019.10.30"]
[Round "4.5"]
[White "Pintor, Simao Maciel Abranch"]
[Black "Clarke, Brandon G I"]
[Result "0-1"]
[ECO "B90"]
[WhiteElo "2137"]
[BlackElo "2445"]
[Annotator "RC"]
[PlyCount "84"]
[EventDate "2019.10.27"]
[EventType "swiss"]
[EventCountry "POR"]
[SourceTitle "playchess.com"]
[Source "ChessBase"]
[SourceQuality "1"]
[TimeControl "40/5400+30:1800+30"]

1. e4 c5 2. Nf3 d6 3. d4 cxd4 4. Nxd4 Nf6 5. Nc3 a6 6. Be3 e5 7. Nf3 Be7 8. Bc4 O-O 9. O-O Be6 10. Bxe6 fxe6 11. Na4 Ng4 12. Qd3 Nxe3 13. Qxe3 b5 14. Nb6 Ra7 15. Nd5 Rb7 16. Qd2 Nc6 17. c3 Na5 18. Nxe7+ Rxe7 19. b3 Nb7 20. Rfd1 Qb6 21. a4 h6 22. b4 Ref7 23. axb5 axb5 24. Qa2 Qc6 25. Qxe6 Qxe4 26. Re1 Qc2 27. Rac1 Qd3 28. c4 Nd8 29. Qd5 Qxd5 30. cxd5 Rf4 31. Re2 Rxb4 32. Nd2 Rd4 33. Ne4 Rxd5 34. f3 Ne6 35. Ra2 Rf7 36. Ra6 Rd7 37. Rcc6 Nc5 38. Ra8+ Kh7 39. Nc3 Rd2 40. Nxb5 Rb7 41. Rxd6 Nd3 42. Nc3 Rb1+ 0-1